cohdb
Replays
Latest Replays
All Replays
Popular Replays
Top Player Replays
Match Explorer
How It Works
Community
CoH3 Stats
Reddit
Sign in to upload your games and track your stats! →
Sign in with Steam
Reakly vs Ares
Match 20912724
Overview
Messages
Build Orders
End
Kettenkrad Recon Vehicle
Construct Infanterie Kompanie
Grenadier Squad
MG 42 Machine Gun Team
Grenadier Squad
Medical Station
MG 42 Machine Gun Team
Construct Luftwaffe Kompanie
Jäger Squad
Support Elements
Wirbelwind Flakpanzer
Selects Breakthrough Battlegroup
Selects Rapid Production
Wirbelwind Flakpanzer
Selects Blitzkrieg
Jäger Squad
Wirbelwind Flakpanzer
Wirbelwind Flakpanzer
Wirbelwind Flakpanzer
Selects Tiger Heavy Tank
Selects Assault Grenadiers
Selects Smoke Bombing Run
Selects Incendiary Bombing Run
Jäger Squad
Tiger Heavy Tank
Incendiary Bombing Run
Reakly
Ares
0
0
Comments
sign in to comment!
No comments posted yet!